Monsters vs Phantoms
Created - July 22, 2022 at 23:34
Goals
|
Monsters |
0 |
4 |
0 |
4 |
Phantoms |
2 |
0 |
0 |
2 |
|
Shots
|
Monsters |
9 |
16 |
6 |
31 |
Phantoms |
10 |
16 |
11 |
37 |
|
1st period
1. Phantoms , Travis Konecny 13 (Calle Jarnkrok 17, Michael Bournival 12) at 16:19
2. Phantoms , Calle Jarnkrok 6 (Travis Konecny 9, Michael Bournival 13) at 19:34
Penalties :
No Penalty
2nd period
3. Monsters , Austin Watson 3 (Morgan Rielly 8, Zac Dalpe 7) at 13:54
4. Monsters , Ondrej Kase 9 (Zac Dalpe 8) at 15:21
5. Monsters , Joakim Nordstrom 4 (Mitch Marner 5, Christian Hanson 4) at 17:28
6. Monsters , Patrik Laine 1 (Ryan Fitzgerald 3) at 18:47
Penalties :
Marc Michaelis (Cle) for Interference (Minor) at 2:01, Aaron Ness (Cle) for Tripping (Minor) at 6:06, Zac Dalpe (Cle) for High sticking (Minor) at 11:34
3rd period
No Goal
Penalties :
Joakim Nordstrom (Cle) for Roughing (Minor) at 16:05
Goalie Stats
Eric Comrie (Cle), 35 saves from 37 shots - (0.946), W, 7-2-1, 60:00 minutes
Anton Forsberg (Leh), 27 saves from 31 shots - (0.871), L, 6-2-0, 60:00 minutes
Players Stats for Monsters
Player Name G A P +/- PIM S H SB GA TA FO MP PP MP PK MP
------------------------------------------------------------------------------------
Aaron Ness 0 0 0 0 2 0 0 1 2 0 0/0 25:46 0:00 3:20
Austin Watson 1 0 1 1 0 5 2 1 0 0 0/0 20:38 0:00 2:20
Bobby Farnham 0 0 0 0 0 2 0 1 1 0 0/0 11:41 0:00 0:00
Cameron Hughes 0 0 0 1 0 0 0 0 0 0 0/0 4:40 0:00 2:27
Christian Hanson 0 1 1 0 0 1 2 0 0 0 2/12 17:04 0:00 2:35
Dillon Heatherington 0 0 0 0 0 2 1 4 0 0 0/0 21:08 0:00 3:33
Francis Perron 0 0 0 0 0 1 0 0 0 0 0/0 1:33 0:00 0:08
Jared Knight 0 0 0 0 0 3 4 0 0 0 0/3 11:41 0:00 0:00
Joakim Nordstrom 1 0 1 0 2 1 4 0 0 1 0/0 14:39 0:00 0:00
Marc Michaelis 0 0 0 0 2 3 1 0 0 0 0/0 12:58 0:00 0:00
Matt Grzelcyk 0 0 0 0 0 1 1 1 1 0 0/0 20:50 0:00 3:17
Maxim Mamin 0 0 0 0 0 0 0 0 0 0 0/0 2:25 0:00 0:00
Mitch Marner 0 1 1 0 0 3 1 0 0 0 0/0 12:43 0:00 1:09
Morgan Rielly 0 1 1 0 0 1 2 1 0 2 0/0 26:48 0:00 4:39
Ondrej Kase 1 0 1 0 0 3 1 0 2 2 2/2 20:49 0:00 4:10
Patrik Laine 1 0 1 1 0 2 2 0 1 0 0/0 7:02 0:00 0:00
Richard Nejezchleb 0 0 0 1 0 1 0 0 0 0 0/0 7:02 0:00 0:00
Ryan Fitzgerald 0 1 1 1 0 1 0 0 0 0 2/3 7:02 0:00 0:00
Tarmo Reunanen 0 0 0 2 0 0 0 0 0 1 0/0 13:07 0:00 1:03
Victor Mete 0 0 0 2 0 1 0 0 0 0 0/0 12:22 0:00 0:00
Zac Dalpe 0 2 2 1 2 0 1 1 1 2 14/34 20:02 0:00 3:03
Players Stats for Phantoms
Player Name G A P +/- PIM S H SB GA TA FO MP PP MP PK MP
------------------------------------------------------------------------------------
A.J. Greer 0 0 0 0 0 0 0 0 0 0 0/0 0:05 0:00 0:00
Alex DeBrincat 0 0 0 -2 0 2 1 0 0 0 0/0 17:51 3:57 0:00
Anthony Angello 0 0 0 0 0 0 0 0 0 0 0/0 0:05 0:00 0:00
Brendan Leipsic 0 0 0 0 0 0 0 0 0 0 0/0 0:50 0:01 0:00
Brenden Kichton 0 0 0 0 0 0 1 6 0 1 0/0 20:58 3:05 0:00
Calle Jarnkrok 1 1 2 2 0 2 3 0 1 2 19/31 21:43 3:58 0:00
Cristoval Nieves 0 0 0 -1 0 2 1 0 1 0 2/4 12:07 0:00 0:00
David Kampf 0 0 0 0 0 0 0 0 0 0 0/0 0:50 0:01 0:00
Devon Teows 0 0 0 0 0 1 1 2 0 0 0/0 12:10 0:00 0:00
Erik Nystrom 0 0 0 -1 0 2 1 0 0 0 0/0 7:24 0:00 0:00
Ivan Provorov 0 0 0 0 0 1 1 1 0 0 0/0 20:58 3:05 0:00
Jake Dotchin 0 0 0 -3 0 1 0 1 1 0 0/0 24:43 4:51 0:00
JC Lipon 0 0 0 -1 0 0 2 0 0 0 0/0 7:49 0:01 0:00
Laurent Dauphin 0 0 0 0 0 0 0 0 0 0 0/0 0:30 0:00 0:00
Lucas Wallmarkk 0 0 0 -1 0 1 2 0 0 0 0/2 7:24 0:00 0:00
Michael Bournival 0 2 2 2 0 6 1 0 1 1 1/2 21:43 3:58 0:00
Mikko Lehtonen 0 0 0 1 0 0 0 0 0 0 0/0 2:09 0:00 0:00
Morgan Klimchuk 0 0 0 -1 0 2 1 0 0 1 0/0 12:07 0:00 0:00
Nick Shore 0 0 0 -2 0 0 3 0 1 0 10/12 17:51 3:57 0:00
Nick Sorensen 0 0 0 -1 0 2 1 0 0 2 0/0 12:07 0:00 0:00
Reid McNeill 0 0 0 -2 0 4 3 1 0 1 0/0 26:52 4:51 0:00
Rinat Valiev 0 0 0 0 0 1 0 1 0 0 0/0 12:10 0:00 0:00
Sven Andrighetto 0 0 0 -2 0 2 2 0 0 0 0/0 17:51 3:57 0:00
Travis Konecny 1 1 2 2 0 8 2 0 3 0 2/3 21:43 3:58 0:00
3 Stars
1 - Calle Jarnkrok (Leh)
2 - Travis Konecny (Leh)
3 - Eric Comrie (Cle)
Power Play
Monsters - 0 on 0 Attempt(s) - 0.00%
Phantoms - 0 on 4 Attempt(s) - 0.00%
Penalty Kill
Monsters - 4 on 4 Attempt(s) - 100.00%
- Score 0 goal in Penalty Kill
Phantoms - 0 on 0 Attempt(s) - 0.00%
- Score 0 goal in Penalty Kill
Team Stat
Monsters - Hits : 22 - Faceoff Wins : 20 - Blocked Shots : 10 - Penalty Minutes : 8
Phantoms - Hits : 26 - Faceoff Wins : 34 - Blocked Shots : 12 - Penalty Minutes : 0
Official
Referees : Dean Morton and Francis Charron
Linesman : Andrew Smith and Shandor Alphonso
Game Notes
Mitch Marner is injured at 10:10 of 3rd period (Right Leg)
Finance
Level 1 -- Attendance: 2000 (100.00%) -- Ticket Income $70,000
Level 2 -- Attendance: 851 (85.10%) -- Ticket Income $17,020
Total Attendance: 2851 (95.03%)
Total Ticket Income: $87,020
Other Income: $4,351
Total Income: $91,371
Monsters
5 vs 5 Forward
Center Left Wing Right Wing Time % Phy DF OF
1 Zac Dalpe Austin Watson Ondrej Kase 40 1 2 2
2 Christian Hanson Joakim Nordstrom Mitch Marner 30 1 2 2
3 Jared Knight Marc Michaelis Bobby Farnham 20 1 2 2
4 Ryan Fitzgerald Patrik Laine Richard Nejezchleb 10 1 2 2
5 vs 5 Defense
Defense Defense Time % Phy DF OF
1 Morgan Rielly Aaron Ness 40 1 2 2
2 Dillon Heatherington Matt Grzelcyk 30 1 2 2
3 Victor Mete Tarmo Reunanen 20 1 2 2
4 Morgan Rielly Aaron Ness 10 1 2 2
PowerPlay Forward
Center Left Wing Right Wing Time % Phy DF OF
1 Zac Dalpe Austin Watson Ondrej Kase 60 1 2 2
2 Christian Hanson Joakim Nordstrom Mitch Marner 40 1 2 2
PowerPlay Defense
Defense Defense Time % Phy DF OF
1 Morgan Rielly Aaron Ness 60 1 2 2
2 Dillon Heatherington Matt Grzelcyk 40 1 2 2
Penalty Kill 4 Players Forward
Center Wing Time % Phy DF OF
1 Zac Dalpe Ondrej Kase 60 1 2 2
2 Christian Hanson Mitch Marner 40 1 2 2
Penalty Kill 4 Players Defense
Defense Defense Time % Phy DF OF
1 Morgan Rielly Aaron Ness 60 1 2 2
2 Dillon Heatherington Matt Grzelcyk 40 1 2 2
Penalty Kill - 3 Players Forward
Forward Time % Phy DF OF
1 Zac Dalpe 60 1 2 2
2 Ondrej Kase 40 1 2 2
Penalty Kill - 3 Players Defense
Defense Defense Time % Phy DF OF
1 Morgan Rielly Aaron Ness 60 1 2 2
2 Dillon Heatherington Matt Grzelcyk 40 1 2 2
4 vs 4 Forward
Center Wing Time % Phy DF OF
1 Zac Dalpe Ondrej Kase 60 1 2 2
2 Christian Hanson Mitch Marner 40 1 2 2
4 vs 4 Defense
Defense Defense Time % Phy DF OF
1 Morgan Rielly Aaron Ness 60 1 2 2
2 Dillon Heatherington Matt Grzelcyk 40 1 2 2
Last Minutes Offensive
Center Left Wing Right Wing Defense Defense
Zac Dalpe Austin Watson Ondrej Kase Morgan Rielly Aaron Ness
Last Minutes Defensive
Center Left Wing Right Wing Defense Defense
Zac Dalpe Austin Watson Ondrej Kase Morgan Rielly Aaron Ness
Goaltenders
Starting : Eric Comrie
Backup : Phoenix Copley
Extra Forwards
Normal : Maxim Mamin, Francis Perron, Cameron Hughes - PP : Maxim Mamin, Francis Perron - PK : Cameron Hughes
Extra Defensemen
Normal : Victor Mete, Tarmo Reunanen, Dillon Heatherington - PP : Victor Mete - PK : Tarmo Reunanen, Dillon Heatherington
Penalty Shots
Zac Dalpe, Ondrej Kase, Christian Hanson, Mitch Marner, Bobby Farnham
Scratches
Matt Calvert (Healthy), Nathan Noel (Healthy), Peyton Jones (Healthy)
Phantoms
5 vs 5 Forward
Center Left Wing Right Wing Time % Phy DF OF
1 Calle Jarnkrok Michael Bournival Travis Konecny 40 1 2 2
2 Nick Shore Alex DeBrincat Sven Andrighetto 30 1 2 2
3 Cristoval Nieves Morgan Klimchuk Nick Sorensen 20 1 2 2
4 Lucas Wallmarkk Erik Nystrom JC Lipon 10 1 2 2
5 vs 5 Defense
Defense Defense Time % Phy DF OF
1 Reid McNeill Jake Dotchin 40 1 2 2
2 Ivan Provorov Brenden Kichton 30 1 2 2
3 Devon Teows Rinat Valiev 20 1 2 2
4 Mikko Lehtonen Reid McNeill 10 1 2 2
PowerPlay Forward
Center Left Wing Right Wing Time % Phy DF OF
1 Calle Jarnkrok Michael Bournival Travis Konecny 60 1 2 2
2 Nick Shore Alex DeBrincat Sven Andrighetto 40 1 2 2
PowerPlay Defense
Defense Defense Time % Phy DF OF
1 Reid McNeill Jake Dotchin 60 1 2 2
2 Ivan Provorov Brenden Kichton 40 1 2 2
Penalty Kill 4 Players Forward
Center Wing Time % Phy DF OF
1 Calle Jarnkrok Michael Bournival 60 1 2 2
2 Travis Konecny Sven Andrighetto 40 1 2 2
Penalty Kill 4 Players Defense
Defense Defense Time % Phy DF OF
1 Reid McNeill Jake Dotchin 60 1 2 2
2 Ivan Provorov Brenden Kichton 40 1 2 2
Penalty Kill - 3 Players Forward
Forward Time % Phy DF OF
1 Calle Jarnkrok 60 1 2 2
2 Michael Bournival 40 1 2 2
Penalty Kill - 3 Players Defense
Defense Defense Time % Phy DF OF
1 Reid McNeill Jake Dotchin 60 1 2 2
2 Ivan Provorov Brenden Kichton 40 1 2 2
4 vs 4 Forward
Center Wing Time % Phy DF OF
1 Calle Jarnkrok Michael Bournival 60 1 2 2
2 Travis Konecny Sven Andrighetto 40 1 2 2
4 vs 4 Defense
Defense Defense Time % Phy DF OF
1 Reid McNeill Jake Dotchin 60 1 2 2
2 Ivan Provorov Brenden Kichton 40 1 2 2
Last Minutes Offensive
Center Left Wing Right Wing Defense Defense
Calle Jarnkrok Michael Bournival Travis Konecny Reid McNeill Jake Dotchin
Last Minutes Defensive
Center Left Wing Right Wing Defense Defense
Calle Jarnkrok Michael Bournival Travis Konecny Reid McNeill Jake Dotchin
Goaltenders
Starting : Anton Forsberg
Backup : Zachary Fucale
Extra Forwards
Normal : David Kampf, Brendan Leipsic, Laurent Dauphin - PP : David Kampf, Brendan Leipsic - PK : Laurent Dauphin
Extra Defensemen
Normal : Devon Teows, Rinat Valiev, Mikko Lehtonen - PP : Devon Teows - PK : Rinat Valiev, Mikko Lehtonen
Penalty Shots
Calle Jarnkrok, Michael Bournival, Travis Konecny, Sven Andrighetto, Alex DeBrincat
Scratches
Blake Heinrich (Right Knee Injury), Cooper Marody (Healthy), Mark Alt (Sprained Right Knee Injury), Brett Murray (Healthy), Matt Kiersted (Healthy)
Riley Stillman (Healthy), Jason Kasdorf (Healthy)
% Time on Ice - Monsters
Lines # - Real PCT - Wanted PCT - Time Play
Normal Forward
1 - 36% - 40% - 18:39
2 - 28% - 30% - 14:42
3 - 22% - 20% - 11:41
4 - 14% - 10% - 7:02
Normal Defense
1 - 37% - 40% - 19:17
2 - 34% - 30% - 17:33
3 - 23% - 20% - 12:04
4 - 6% - 10% - 3:10
PP Forward
1 - 0% - 60%
2 - 0% - 40%
PP Defense
1 - 0% - 60%
2 - 0% - 40%
PK Forward
1 - 78% - 60% - 6:13
2 - 22% - 40% - 1:43
PK Defense
1 - 59% - 60% - 4:39
2 - 41% - 40% - 3:17
PK3 Forward
1 - 0% - 60%
2 - 0% - 40%
PK3 Defense
1 - 0% - 60%
2 - 0% - 40%
44 Forward
1 - 0% - 60%
2 - 0% - 40%
44 Defense
1 - 0% - 60%
2 - 0% - 40%
Last Minute Offensive - 0:00
Last Minute Defensive - 0:00
Total
Forward - 60:00
Defense - 60:00
|
% Time on Ice - Phantoms
Lines # - Real PCT - Wanted PCT - Time Play
Normal Forward
1 - 36% - 40% - 18:39
2 - 27% - 30% - 13:54
3 - 23% - 20% - 12:07
4 - 14% - 10% - 7:24
Normal Defense
1 - 38% - 40% - 19:52
2 - 34% - 30% - 17:53
3 - 23% - 20% - 12:10
4 - 4% - 10% - 2:09
PP Forward
1 - 50% - 60% - 3:59
2 - 50% - 40% - 3:57
PP Defense
1 - 61% - 60% - 4:51
2 - 39% - 40% - 3:05
PK Forward
1 - 0% - 60%
2 - 0% - 40%
PK Defense
1 - 0% - 60%
2 - 0% - 40%
PK3 Forward
1 - 0% - 60%
2 - 0% - 40%
PK3 Defense
1 - 0% - 60%
2 - 0% - 40%
44 Forward
1 - 0% - 60%
2 - 0% - 40%
44 Defense
1 - 0% - 60%
2 - 0% - 40%
Last Minute Offensive - 0:00
Last Minute Defensive - 0:00
Total
Forward - 60:00
Defense - 60:00
|
Play-by-Play
1st period
0:01 of 1st period - Calle Jarnkrok wins face-off versus Zac Dalpe in neutral zone.
0:45 of 1st period - Dillon Heatherington is hit by Reid McNeill and loses puck.
1:52 of 1st period - Sven Andrighetto is hit by Christian Hanson and loses puck.
2:11 of 1st period - Bobby Farnham is hit by Devon Teows and loses puck.
2:34 of 1st period - Snap shot by Michael Bournival.
2:34 of 1st period - Stopped by Eric Comrie without a rebound.
2:35 of 1st period - Ryan Fitzgerald wins face-off versus Calle Jarnkrok in Monsters zone.
3:00 of 1st period - Reid McNeill is hit by Morgan Rielly and loses puck.
4:02 of 1st period - Travis Konecny is hit by Morgan Rielly and loses puck.
4:46 of 1st period - Alex DeBrincat is hit by Patrik Laine and loses puck.
5:01 of 1st period - Snap shot by Nick Shore.
5:01 of 1st period - Shot Misses the Net.
5:21 of 1st period - Wrist shot by Richard Nejezchleb.
5:21 of 1st period - Shot Misses the Net.
5:23 of 1st period - Slapshot by Matt Grzelcyk.
5:23 of 1st period - Shot Misses the Net.
5:25 of 1st period - Snap shot by Ryan Fitzgerald.
5:25 of 1st period - Stopped by Anton Forsberg with a rebound.
5:27 of 1st period - Wrist shot by Dillon Heatherington.
5:27 of 1st period - Shot Hit the Post.
5:29 of 1st period - Backhand shot by Richard Nejezchleb.
5:29 of 1st period - Stopped by Anton Forsberg with a rebound.
5:31 of 1st period - Wrist shot by Dillon Heatherington.
5:31 of 1st period - Stopped by Anton Forsberg without a rebound.
5:32 of 1st period - Calle Jarnkrok wins face-off versus Zac Dalpe in Phantoms zone.
6:39 of 1st period - Snap shot by Ondrej Kase.
6:39 of 1st period - Shot Blocked by Brenden Kichton.
6:45 of 1st period - Aaron Ness is hit by Calle Jarnkrok.
6:59 of 1st period - Wrist shot by Morgan Klimchuk.
6:59 of 1st period - Stopped by Eric Comrie without a rebound.
7:00 of 1st period - Cristoval Nieves wins face-off versus Jared Knight in Monsters zone.
8:10 of 1st period - Snap shot by Jared Knight.
8:10 of 1st period - Stopped by Anton Forsberg without a rebound.
8:11 of 1st period - Calle Jarnkrok wins face-off versus Jared Knight in Phantoms zone.
9:07 of 1st period - Snap shot by Cristoval Nieves.
9:07 of 1st period - Shot Misses the Net.
9:23 of 1st period - Christian Hanson is hit by Ivan Provorov and loses puck.
9:46 of 1st period - Slapshot by Ivan Provorov.
9:46 of 1st period - Shot Blocked by Dillon Heatherington.
9:48 of 1st period - Slapshot by Brenden Kichton.
9:48 of 1st period - Shot Blocked by Dillon Heatherington.
9:50 of 1st period - Backhand shot by Erik Nystrom.
9:50 of 1st period - Shot Misses the Net.
9:56 of 1st period - Snap shot by Erik Nystrom.
9:56 of 1st period - Stopped by Eric Comrie without a rebound.
9:57 of 1st period - Zac Dalpe wins face-off versus Calle Jarnkrok in Monsters zone.
10:23 of 1st period - Jake Dotchin is hit by Joakim Nordstrom and loses puck.
10:30 of 1st period - Snap shot by Mitch Marner.
10:30 of 1st period - Stopped by Anton Forsberg with a rebound.
11:04 of 1st period - Dillon Heatherington is hit by Michael Bournival and loses puck.
12:41 of 1st period - Snap shot by Alex DeBrincat.
12:41 of 1st period - Shot Hit the Post.
12:50 of 1st period - Icing by Nick Shore.
12:51 of 1st period - Nick Shore wins face-off versus Zac Dalpe in Phantoms zone.
13:39 of 1st period - Snap shot by Patrik Laine.
13:39 of 1st period - Shot Blocked by Brenden Kichton.
14:09 of 1st period - Wrist shot by Jared Knight.
14:09 of 1st period - Deflect By Travis Konecny.
14:09 of 1st period - Stopped by Anton Forsberg without a rebound.
14:10 of 1st period - Nick Shore wins face-off versus Zac Dalpe in Phantoms zone.
14:35 of 1st period - Reid McNeill is hit by Christian Hanson.
15:21 of 1st period - Snap shot by Bobby Farnham.
15:21 of 1st period - Stopped by Anton Forsberg without a rebound.
15:22 of 1st period - Calle Jarnkrok wins face-off versus Zac Dalpe in Phantoms zone.
15:32 of 1st period - Off-side.
15:33 of 1st period - Zac Dalpe wins face-off versus Calle Jarnkrok in neutral zone.
15:58 of 1st period - Calle Jarnkrok is hit by Jared Knight and loses puck.
16:19 of 1st period - Wrist shot by Travis Konecny.
16:19 of 1st period - Goal by Travis Konecny - Monsters : 0 - Phantoms : 1.
16:20 of 1st period - Nick Shore wins face-off versus Zac Dalpe in neutral zone.
16:45 of 1st period - Christian Hanson is hit by Morgan Klimchuk and loses puck.
17:28 of 1st period - Snap shot by Lucas Wallmarkk.
17:28 of 1st period - Deflect By Zac Dalpe.
17:28 of 1st period - Shot Misses the Net.
17:28 of 1st period - Puck is out of play.
17:29 of 1st period - Zac Dalpe wins face-off versus Lucas Wallmarkk in Monsters zone.
17:29 of 1st period - Zac Dalpe is hit by JC Lipon.
17:54 of 1st period - Ondrej Kase is hit by JC Lipon and loses puck.
18:05 of 1st period - Wrist shot by Lucas Wallmarkk.
18:05 of 1st period - Shot Blocked by Zac Dalpe.
18:07 of 1st period - Slapshot by Devon Teows.
18:07 of 1st period - Deflect By Austin Watson.
18:07 of 1st period - Stopped by Eric Comrie without a rebound.
18:08 of 1st period - Calle Jarnkrok wins face-off versus Christian Hanson in Monsters zone.
18:18 of 1st period - Snap shot by Michael Bournival.
18:18 of 1st period - Stopped by Eric Comrie with a rebound.
18:20 of 1st period - Wrist shot by Calle Jarnkrok.
18:20 of 1st period - Shot Misses the Net.
18:22 of 1st period - Slapshot by Michael Bournival.
18:22 of 1st period - Deflect By Travis Konecny.
18:22 of 1st period - Stopped by Eric Comrie with a rebound.
18:40 of 1st period - Backhand shot by Bobby Farnham.
18:40 of 1st period - Stopped by Anton Forsberg with a rebound.
18:42 of 1st period - Slapshot by Jared Knight.
18:42 of 1st period - Shot Misses the Net.
18:44 of 1st period - Snap shot by Marc Michaelis.
18:44 of 1st period - Stopped by Anton Forsberg without a rebound.
18:45 of 1st period - Zac Dalpe wins face-off versus Calle Jarnkrok in Phantoms zone.
18:46 of 1st period - Wrist shot by Ondrej Kase.
18:46 of 1st period - Shot Blocked by Reid McNeill.
18:54 of 1st period - Wrist shot by Travis Konecny.
18:54 of 1st period - Stopped by Eric Comrie without a rebound.
18:55 of 1st period - Zac Dalpe wins face-off versus Calle Jarnkrok in Monsters zone.
19:32 of 1st period - Snap shot by Travis Konecny.
19:32 of 1st period - Stopped by Eric Comrie with a rebound.
19:34 of 1st period - Wrist shot by Calle Jarnkrok.
19:34 of 1st period - Goal by Calle Jarnkrok - Monsters : 0 - Phantoms : 2.
19:35 of 1st period - Nick Shore wins face-off versus Christian Hanson in neutral zone.
Goals for this period are 0 for Monsters vs 2 for Phantoms.
Shots for this period are 9 for Monsters vs 10 for Phantoms.
2nd period
0:01 of 2nd period - Calle Jarnkrok wins face-off versus Christian Hanson in neutral zone.
0:04 of 2nd period - Snap shot by Michael Bournival.
0:04 of 2nd period - Stopped by Eric Comrie with a rebound.
0:06 of 2nd period - Wrist shot by Michael Bournival.
0:06 of 2nd period - Stopped by Eric Comrie with a rebound.
0:08 of 2nd period - Wrist shot by Reid McNeill.
0:08 of 2nd period - Stopped by Eric Comrie without a rebound.
0:09 of 2nd period - Calle Jarnkrok wins face-off versus Christian Hanson in Monsters zone.
0:18 of 2nd period - Snap shot by Michael Bournival.
0:18 of 2nd period - Stopped by Eric Comrie without a rebound.
0:19 of 2nd period - Nick Shore wins face-off versus Zac Dalpe in Monsters zone.
0:46 of 2nd period - Morgan Rielly is hit by Reid McNeill and loses puck.
0:53 of 2nd period - Slapshot by Nick Sorensen.
0:53 of 2nd period - Stopped by Eric Comrie without a rebound.
0:54 of 2nd period - Christian Hanson wins face-off versus Calle Jarnkrok in Monsters zone.
0:54 of 2nd period - Christian Hanson is hit by Travis Konecny.
1:20 of 2nd period - Dillon Heatherington is hit by Cristoval Nieves and loses puck.
2:01 of 2nd period - Minor Penalty to Marc Michaelis for Interference.
2:02 of 2nd period - Travis Konecny wins face-off versus Zac Dalpe in Monsters zone.
2:08 of 2nd period - Wrist shot by Reid McNeill.
2:08 of 2nd period - Deflect By Ondrej Kase.
2:08 of 2nd period - Stopped by Eric Comrie with a rebound.
2:10 of 2nd period - Wrist shot by Michael Bournival.
2:10 of 2nd period - Stopped by Eric Comrie with a rebound.
2:24 of 2nd period - Ondrej Kase is hit by Calle Jarnkrok and loses puck.
3:35 of 2nd period - Christian Hanson is hit by Calle Jarnkrok and loses puck.
4:01 of 2nd period - Penalty to Marc Michaelis is over, Marc Michaelis is back on ice.
4:10 of 2nd period - Snap shot by Marc Michaelis.
4:10 of 2nd period - Shot Misses the Net.
4:22 of 2nd period - Snap shot by Marc Michaelis.
4:22 of 2nd period - Shot Misses the Net.
4:24 of 2nd period - Slapshot by Austin Watson.
4:24 of 2nd period - Shot Blocked by Brenden Kichton.
4:26 of 2nd period - Snap shot by Marc Michaelis.
4:26 of 2nd period - Stopped by Anton Forsberg with a rebound.
4:28 of 2nd period - Slapshot by Dillon Heatherington.
4:28 of 2nd period - Stopped by Anton Forsberg with a rebound.
4:30 of 2nd period - Snap shot by Marc Michaelis.
4:30 of 2nd period - Shot Misses the Net.
4:34 of 2nd period - Snap shot by Austin Watson.
4:34 of 2nd period - Stopped by Anton Forsberg with a rebound.
4:36 of 2nd period - Wrist shot by Marc Michaelis.
4:36 of 2nd period - Deflect By Austin Watson.
4:36 of 2nd period - Stopped by Anton Forsberg with a rebound.
4:38 of 2nd period - Slapshot by Matt Grzelcyk.
4:38 of 2nd period - Shot Misses the Net.
4:40 of 2nd period - Snap shot by Austin Watson.
4:40 of 2nd period - Shot Blocked by Brenden Kichton.
4:42 of 2nd period - Snap shot by Marc Michaelis.
4:42 of 2nd period - Stopped by Anton Forsberg with a rebound.
4:50 of 2nd period - Snap shot by Austin Watson.
4:50 of 2nd period - Shot Misses the Net.
4:52 of 2nd period - Snap shot by Austin Watson.
4:52 of 2nd period - Shot Blocked by Brenden Kichton.
4:54 of 2nd period - Snap shot by Dillon Heatherington.
4:54 of 2nd period - Shot Blocked by Brenden Kichton.
4:56 of 2nd period - Snap shot by Austin Watson.
4:56 of 2nd period - Shot Misses the Net.
5:06 of 2nd period - Snap shot by Marc Michaelis.
5:06 of 2nd period - Shot Misses the Net.
5:14 of 2nd period - Wrist shot by Marc Michaelis.
5:14 of 2nd period - Shot Misses the Net.
5:16 of 2nd period - Snap shot by Marc Michaelis.
5:16 of 2nd period - Shot Misses the Net.
5:18 of 2nd period - Slapshot by Dillon Heatherington.
5:18 of 2nd period - Deflect By Austin Watson.
5:18 of 2nd period - Shot Blocked by Ivan Provorov.
5:18 of 2nd period - Puck is out of play.
5:19 of 2nd period - Calle Jarnkrok wins face-off versus Christian Hanson in Phantoms zone.
5:19 of 2nd period - Calle Jarnkrok is hit by Joakim Nordstrom.
5:27 of 2nd period - Slapshot by Reid McNeill.
5:27 of 2nd period - Stopped by Eric Comrie without a rebound.
5:28 of 2nd period - Calle Jarnkrok wins face-off versus Christian Hanson in Monsters zone.
5:36 of 2nd period - Travis Konecny is hit by Joakim Nordstrom and loses puck.
6:06 of 2nd period - Minor Penalty to Aaron Ness for Tripping.
6:07 of 2nd period - Nick Shore wins face-off versus Zac Dalpe in Monsters zone.
6:15 of 2nd period - Snap shot by Sven Andrighetto.
6:15 of 2nd period - Stopped by Eric Comrie without a rebound.
6:16 of 2nd period - Nick Shore wins face-off versus Zac Dalpe in Monsters zone.
6:37 of 2nd period - Slapshot by Alex DeBrincat.
6:37 of 2nd period - Shot Hit the Post.
8:06 of 2nd period - Penalty to Aaron Ness is over, Aaron Ness is back on ice.
8:33 of 2nd period - Snap shot by Patrik Laine.
8:33 of 2nd period - Stopped by Anton Forsberg without a rebound.
8:34 of 2nd period - Cristoval Nieves wins face-off versus Ryan Fitzgerald in Phantoms zone.
9:15 of 2nd period - Wrist shot by Cristoval Nieves.
9:15 of 2nd period - Stopped by Eric Comrie without a rebound.
9:16 of 2nd period - Calle Jarnkrok wins face-off versus Zac Dalpe in Monsters zone.
9:41 of 2nd period - Jake Dotchin is hit by Joakim Nordstrom and loses puck.
10:13 of 2nd period - Jared Knight is hit by Lucas Wallmarkk and loses puck.
10:38 of 2nd period - Wrist shot by Cristoval Nieves.
10:38 of 2nd period - Stopped by Eric Comrie with a rebound.
10:52 of 2nd period - Nick Sorensen is hit by Patrik Laine and loses puck.
11:07 of 2nd period - Snap shot by Alex DeBrincat.
11:07 of 2nd period - Stopped by Eric Comrie with a rebound.
11:09 of 2nd period - Snap shot by Alex DeBrincat.
11:09 of 2nd period - Shot Blocked by Morgan Rielly.
11:11 of 2nd period - Snap shot by Sven Andrighetto.
11:11 of 2nd period - Shot Misses the Net.
11:13 of 2nd period - Slapshot by Rinat Valiev.
11:13 of 2nd period - Stopped by Eric Comrie with a rebound.
11:34 of 2nd period - Minor Penalty to Zac Dalpe for High sticking.
11:35 of 2nd period - Ondrej Kase wins face-off versus Travis Konecny in Monsters zone.
12:07 of 2nd period - Slapshot by Sven Andrighetto.
12:07 of 2nd period - Shot Blocked by Aaron Ness.
12:11 of 2nd period - Wrist shot by Alex DeBrincat.
12:11 of 2nd period - Shot Misses the Net.
12:25 of 2nd period - Backhand shot by Austin Watson.
12:25 of 2nd period - Stopped by Anton Forsberg without a rebound.
12:26 of 2nd period - Nick Shore wins face-off versus Christian Hanson in Phantoms zone.
12:26 of 2nd period - Nick Shore is hit by Dillon Heatherington.
12:32 of 2nd period - Snap shot by Alex DeBrincat.
12:32 of 2nd period - Shot Misses the Net.
13:34 of 2nd period - Penalty to Zac Dalpe is over, Zac Dalpe is back on ice.
13:50 of 2nd period - Slapshot by Morgan Rielly.
13:50 of 2nd period - Shot Misses the Net.
13:52 of 2nd period - Snap shot by Morgan Rielly.
13:52 of 2nd period - Shot Blocked by Rinat Valiev.
13:54 of 2nd period - Slapshot by Austin Watson.
13:54 of 2nd period - Goal by Austin Watson - Monsters : 1 - Phantoms : 2.
13:55 of 2nd period - Michael Bournival wins face-off versus Christian Hanson in neutral zone.
14:02 of 2nd period - Wrist shot by Joakim Nordstrom.
14:02 of 2nd period - Shot Blocked by Jake Dotchin.
14:31 of 2nd period - Ivan Provorov is hit by Jared Knight and loses puck.
14:39 of 2nd period - Icing by Ivan Provorov.
14:40 of 2nd period - Zac Dalpe wins face-off versus Cristoval Nieves in Phantoms zone.
15:21 of 2nd period - Wrist shot by Ondrej Kase.
15:21 of 2nd period - Goal by Ondrej Kase - Monsters : 2 - Phantoms : 2.
15:22 of 2nd period - Christian Hanson wins face-off versus Calle Jarnkrok in neutral zone.
15:49 of 2nd period - Aaron Ness is hit by Nick Shore and loses puck.
16:10 of 2nd period - Jared Knight is hit by Lucas Wallmarkk.
16:50 of 2nd period - Slapshot by Morgan Rielly.
16:50 of 2nd period - Shot Blocked by Devon Teows.
16:52 of 2nd period - Snap shot by Morgan Rielly.
16:52 of 2nd period - Deflect By Morgan Klimchuk.
16:52 of 2nd period - Stopped by Anton Forsberg without a rebound.
16:53 of 2nd period - Zac Dalpe wins face-off versus Cristoval Nieves in Phantoms zone.
16:56 of 2nd period - Snap shot by Ondrej Kase.
16:56 of 2nd period - Stopped by Anton Forsberg without a rebound.
16:57 of 2nd period - Zac Dalpe wins face-off versus Calle Jarnkrok in Phantoms zone.
16:58 of 2nd period - Snap shot by Austin Watson.
16:58 of 2nd period - Stopped by Anton Forsberg without a rebound.
16:59 of 2nd period - Calle Jarnkrok wins face-off versus Zac Dalpe in Phantoms zone.
17:08 of 2nd period - Wrist shot by Calle Jarnkrok.
17:08 of 2nd period - Shot Misses the Net.
17:24 of 2nd period - Slapshot by Mitch Marner.
17:24 of 2nd period - Stopped by Anton Forsberg with a rebound.
17:26 of 2nd period - Snap shot by Mitch Marner.
17:26 of 2nd period - Stopped by Anton Forsberg with a rebound.
17:28 of 2nd period - Wrist shot by Joakim Nordstrom.
17:28 of 2nd period - Goal by Joakim Nordstrom - Monsters : 3 - Phantoms : 2.
17:29 of 2nd period - Calle Jarnkrok wins face-off versus Zac Dalpe in neutral zone.
17:32 of 2nd period - Wrist shot by Travis Konecny.
17:32 of 2nd period - Shot Blocked by Austin Watson.
17:38 of 2nd period - Slapshot by Morgan Rielly.
17:38 of 2nd period - Shot Misses the Net.
17:56 of 2nd period - Mitch Marner is hit by Nick Shore and loses puck.
18:23 of 2nd period - Slapshot by Morgan Klimchuk.
18:23 of 2nd period - Stopped by Eric Comrie with a rebound.
18:25 of 2nd period - Snap shot by Devon Teows.
18:25 of 2nd period - Shot Blocked by Bobby Farnham.
18:35 of 2nd period - Slapshot by Lucas Wallmarkk.
18:35 of 2nd period - Stopped by Eric Comrie without a rebound.
18:36 of 2nd period - Ryan Fitzgerald wins face-off versus Lucas Wallmarkk in Monsters zone.
18:47 of 2nd period - Slapshot by Patrik Laine.
18:47 of 2nd period - Goal by Patrik Laine - Monsters : 4 - Phantoms : 2.
18:48 of 2nd period - Zac Dalpe wins face-off versus Michael Bournival in neutral zone.
19:22 of 2nd period - Snap shot by Alex DeBrincat.
19:22 of 2nd period - Deflect By Nick Shore.
19:22 of 2nd period - Shot Misses the Net.
19:22 of 2nd period - Puck is out of play.
19:23 of 2nd period - Nick Shore wins face-off versus Christian Hanson in Monsters zone.
19:36 of 2nd period - Wrist shot by Nick Shore.
19:36 of 2nd period - Shot Misses the Net.
19:38 of 2nd period - Snap shot by Sven Andrighetto.
19:38 of 2nd period - Stopped by Eric Comrie with a rebound.
19:48 of 2nd period - Dillon Heatherington is hit by Brenden Kichton and loses puck.
19:55 of 2nd period - Joakim Nordstrom is hit by Nick Sorensen.
Goals for this period are 4 for Monsters vs 0 for Phantoms.
Shots for this period are 16 for Monsters vs 16 for Phantoms.
3rd period
0:01 of 3rd period - Calle Jarnkrok wins face-off versus Zac Dalpe in neutral zone.
0:50 of 3rd period - Off-side.
0:51 of 3rd period - Calle Jarnkrok wins face-off versus Jared Knight in neutral zone.
0:54 of 3rd period - Snap shot by Michael Bournival.
0:54 of 3rd period - Shot Blocked by Matt Grzelcyk.
1:04 of 3rd period - Wrist shot by Travis Konecny.
1:04 of 3rd period - Shot Blocked by Dillon Heatherington.
1:47 of 3rd period - Reid McNeill is hit by Mitch Marner and loses puck.
2:30 of 3rd period - Slapshot by Calle Jarnkrok.
2:30 of 3rd period - Deflect By Travis Konecny.
2:30 of 3rd period - Stopped by Eric Comrie with a rebound.
2:48 of 3rd period - Wrist shot by Alex DeBrincat.
2:48 of 3rd period - Stopped by Eric Comrie without a rebound.
2:49 of 3rd period - Zac Dalpe wins face-off versus Nick Shore in Monsters zone.
2:49 of 3rd period - Zac Dalpe is hit by Nick Shore.
2:57 of 3rd period - Ondrej Kase is hit by Sven Andrighetto.
3:01 of 3rd period - Devon Teows is hit by Austin Watson and loses puck.
3:18 of 3rd period - Slapshot by Ivan Provorov.
3:18 of 3rd period - Stopped by Eric Comrie with a rebound.
3:20 of 3rd period - Wrist shot by Michael Bournival.
3:20 of 3rd period - Shot Misses the Net.
3:53 of 3rd period - Morgan Klimchuk is hit by Jared Knight and loses puck.
4:14 of 3rd period - Slapshot by Cristoval Nieves.
4:14 of 3rd period - Shot Misses the Net.
4:50 of 3rd period - Wrist shot by Travis Konecny.
4:50 of 3rd period - Stopped by Eric Comrie with a rebound.
4:52 of 3rd period - Wrist shot by Travis Konecny.
4:52 of 3rd period - Stopped by Eric Comrie with a rebound.
5:18 of 3rd period - Wrist shot by Jared Knight.
5:18 of 3rd period - Shot Blocked by Devon Teows.
5:20 of 3rd period - Slapshot by Tarmo Reunanen.
5:20 of 3rd period - Shot Misses the Net.
5:22 of 3rd period - Slapshot by Victor Mete.
5:22 of 3rd period - Stopped by Anton Forsberg without a rebound.
5:23 of 3rd period - Calle Jarnkrok wins face-off versus Zac Dalpe in Phantoms zone.
5:40 of 3rd period - Jake Dotchin is hit by Austin Watson.
6:43 of 3rd period - Icing by Dillon Heatherington.
6:44 of 3rd period - Travis Konecny wins face-off versus Zac Dalpe in Monsters zone.
7:47 of 3rd period - Slapshot by Ryan Fitzgerald.
7:47 of 3rd period - Shot Misses the Net.
7:49 of 3rd period - Slapshot by Matt Grzelcyk.
7:49 of 3rd period - Shot Misses the Net.
7:51 of 3rd period - Wrist shot by Ryan Fitzgerald.
7:51 of 3rd period - Shot Misses the Net.
7:59 of 3rd period - Slapshot by Matt Grzelcyk.
7:59 of 3rd period - Stopped by Anton Forsberg without a rebound.
8:00 of 3rd period - Calle Jarnkrok wins face-off versus Zac Dalpe in Phantoms zone.
8:07 of 3rd period - Wrist shot by Jake Dotchin.
8:07 of 3rd period - Stopped by Eric Comrie without a rebound.
8:08 of 3rd period - Zac Dalpe wins face-off versus Calle Jarnkrok in Monsters zone.
8:33 of 3rd period - Snap shot by Jared Knight.
8:33 of 3rd period - Stopped by Anton Forsberg with a rebound.
9:01 of 3rd period - Slapshot by Mitch Marner.
9:01 of 3rd period - Deflect By Nick Shore.
9:01 of 3rd period - Shot Misses the Net.
9:01 of 3rd period - Puck is out of play.
9:02 of 3rd period - Zac Dalpe wins face-off versus Nick Shore in Phantoms zone.
9:03 of 3rd period - Snap shot by Ondrej Kase.
9:03 of 3rd period - Stopped by Anton Forsberg with a rebound.
10:09 of 3rd period - Mitch Marner is hit by Travis Konecny.
10:10 of 3rd period - Mitch Marner from Monsters is injured at 10:10 of 3rd period (Right Leg).
10:11 of 3rd period - Ondrej Kase wins face-off versus Calle Jarnkrok in Monsters zone.
10:26 of 3rd period - Snap shot by Calle Jarnkrok.
10:26 of 3rd period - Stopped by Eric Comrie with a rebound.
11:06 of 3rd period - Christian Hanson is hit by Erik Nystrom and loses puck.
11:29 of 3rd period - Wrist shot by Christian Hanson.
11:29 of 3rd period - Stopped by Anton Forsberg without a rebound.
11:30 of 3rd period - Calle Jarnkrok wins face-off versus Zac Dalpe in Phantoms zone.
11:30 of 3rd period - Calle Jarnkrok is hit by Zac Dalpe.
11:38 of 3rd period - Slapshot by Reid McNeill.
11:38 of 3rd period - Stopped by Eric Comrie with a rebound.
11:40 of 3rd period - Wrist shot by Travis Konecny.
11:40 of 3rd period - Deflect By Calle Jarnkrok.
11:40 of 3rd period - Shot Misses the Net.
11:40 of 3rd period - Puck is out of play.
11:41 of 3rd period - Zac Dalpe wins face-off versus Calle Jarnkrok in Monsters zone.
11:50 of 3rd period - Wrist shot by Travis Konecny.
11:50 of 3rd period - Stopped by Eric Comrie with a rebound.
12:07 of 3rd period - Sven Andrighetto is hit by Jared Knight and loses puck.
12:32 of 3rd period - Snap shot by Cristoval Nieves.
12:32 of 3rd period - Shot Misses the Net.
12:34 of 3rd period - Slapshot by Reid McNeill.
12:34 of 3rd period - Shot Blocked by Dillon Heatherington.
12:36 of 3rd period - Snap shot by Nick Sorensen.
12:36 of 3rd period - Stopped by Eric Comrie without a rebound.
12:37 of 3rd period - Calle Jarnkrok wins face-off versus Zac Dalpe in Monsters zone.
12:53 of 3rd period - Michael Bournival is hit by Ondrej Kase and loses puck.
13:06 of 3rd period - Devon Teows is hit by Matt Grzelcyk and loses puck.
13:19 of 3rd period - Dillon Heatherington is hit by Alex DeBrincat and loses puck.
13:40 of 3rd period - Snap shot by Cristoval Nieves.
13:40 of 3rd period - Shot Misses the Net.
14:01 of 3rd period - Snap shot by Ryan Fitzgerald.
14:01 of 3rd period - Shot Misses the Net.
14:03 of 3rd period - Slapshot by Matt Grzelcyk.
14:03 of 3rd period - Deflect By Richard Nejezchleb.
14:03 of 3rd period - Shot Misses the Net.
14:03 of 3rd period - Puck is out of play.
14:04 of 3rd period - Calle Jarnkrok wins face-off versus Zac Dalpe in Phantoms zone.
14:58 of 3rd period - Reid McNeill is hit by Marc Michaelis and loses puck.
15:05 of 3rd period - Wrist shot by Erik Nystrom.
15:05 of 3rd period - Stopped by Eric Comrie with a rebound.
16:05 of 3rd period - Minor Penalty to Joakim Nordstrom for Roughing.
16:06 of 3rd period - Zac Dalpe wins face-off versus Calle Jarnkrok in Monsters zone.
16:06 of 3rd period - Zac Dalpe is hit by Reid McNeill.
18:00 of 3rd period - Icing by Brenden Kichton.
18:01 of 3rd period - Nick Shore wins face-off versus Christian Hanson in Phantoms zone.
18:05 of 3rd period - Penalty to Joakim Nordstrom is over, Joakim Nordstrom is back on ice.
18:06 of 3rd period - Dillon Heatherington is hit by Sven Andrighetto.
19:37 of 3rd period - Wrist shot by Francis Perron.
19:37 of 3rd period - Stopped by Anton Forsberg with a rebound.
Goals for this period are 0 for Monsters vs 0 for Phantoms.
Shots for this period are 6 for Monsters vs 11 for Phantoms.